PIO (24 & UNDER)
CHULA VISTA TACOS @ SEATTLE RAINIERS
09/26/2028
 
TOP OF THE 1ST
Chula Vista Tacos batting - Pitching for Seattle Rainiers : RHP Jesús Arredondo
Pitching: RHP Jesús Arredondo
Batting: RHB Matt O'Rourke 0-0: Ball
1-0: Ball
2-0: Fly out, F8 (Flyball, 8LS)
Batting: RHB Juan García 0-0: Ball
1-0: Called Strike
1-1: Foul Ball, location: 2F
1-2: Strikes out swinging
Batting: LHB Roderick Delgado 0-0: Ground out 4-3 (Groundball, 4)
Top of the 1st over - 0 run(s), 0 hit(s), 0 error(s), 0 left on base; Chula Vista 0 - Seattle 0
BOTTOM OF THE 1ST
Seattle Rainiers batting - Pitching for Chula Vista Tacos : RHP Tony Fullerton
Pitching: RHP Tony Fullerton
Batting: LHB Quinn Webb 0-0: Ground out U3 (Groundball, 3)
Batting: RHB Lionel Pona 0-0: Called Strike
0-1: Ball
1-1: Called Strike
1-2: Ball
2-2: Foul Ball, location: 2F
2-2: Strikes out looking
Batting: RHB Jesús Ortíz 0-0: Ball
1-0: SINGLE (Groundball, 3D)
Batting: RHB Juan Bruno 0-0: Ball
1-0: Called Strike
1-1: Ball
2-1: Ball
3-1: Swinging Strike
3-2: Foul Ball, location: 2F
3-2: Strikes out looking
Bottom of the 1st over - 0 run(s), 1 hit(s), 0 error(s), 1 left on base; Chula Vista 0 - Seattle 0
TOP OF THE 2ND
Chula Vista Tacos batting - Pitching for Seattle Rainiers : RHP Jesús Arredondo
Batting: LHB Vernon Hill 0-0: Ball
1-0: Called Strike
1-1: Foul Ball, location: 2F
1-2: Foul Ball, location: 2F
1-2: DOUBLE (Flyball, 8LXD)
Batting: RHB Jake Lawrence 0-0: Called Strike
0-1: Ball
1-1: Ball
2-1: Ball
3-1: Fly out, F8 (Flyball, 8LS)
Batting: RHB Ron Garrett 0-0: Ball
Vernon Hill is caught stealing 3rd base
1-0: SINGLE (Groundball, 6MD)
Batting: LHB Jean Beauchemin 0-0: Foul Ball, location: 2F
0-1: Fly out, F8 (Flyball, 8LM)
Top of the 2nd over - 0 run(s), 2 hit(s), 0 error(s), 1 left on base; Chula Vista 0 - Seattle 0
BOTTOM OF THE 2ND
Seattle Rainiers batting - Pitching for Chula Vista Tacos : RHP Tony Fullerton
Batting: RHB Roberto Casas 0-0: Called Strike
0-1: Ground out 1-3 (Groundball, 15S)
Batting: RHB John Eaves 0-0: Called Strike
0-1: Ball
1-1: Foul Ball, location: 2F
1-2: Strikes out looking
Batting: RHB Steve Smith 0-0: Reached on error, E6 (Groundball, 6)
Batting: SHB Troy Holland 0-0: Ball
1-0: Fly out, F9 (Flyball, 9LMF)
Bottom of the 2nd over - 0 run(s), 0 hit(s), 1 error(s), 1 left on base; Chula Vista 0 - Seattle 0
TOP OF THE 3RD
Chula Vista Tacos batting - Pitching for Seattle Rainiers : RHP Jesús Arredondo
Batting: RHB Dan Salazar 0-0: Ball
1-0: Ball
2-0: SINGLE (Line Drive, 56)
Batting: RHB Preston Wooten 0-0: Called Strike
0-1: SINGLE (Line Drive, 7S)
Dan Salazar to second
Batting: RHB Matt O'Rourke 0-0: Called Strike
0-1: Fielders Choice at 2nd, 5-4 (Groundball, 56)
Dan Salazar to third
Batting: RHB Juan García 0-0: SINGLE (Line Drive, 4MD)
Dan Salazar scores
Matt O'Rourke to second
Batting: LHB Roderick Delgado 0-0: Foul Ball, location: 2F
0-1: Ball
1-1: Fly out, F7 (Flyball, 7LM)
Batting: LHB Vernon Hill 0-0: Called Strike
0-1: Ball
1-1: Ball
2-1: Ball
3-1: Foul Ball, location: 2F
3-2: Foul Ball, location: 2F
3-2: Base on Balls
Matt O'Rourke to third
Juan García to second
Batting: RHB Jake Lawrence 0-0: Ground out 5-3 (Groundball, 56S)
Top of the 3rd over - 1 run(s), 3 hit(s), 0 error(s), 3 left on base; Chula Vista 1 - Seattle 0
BOTTOM OF THE 3RD
Seattle Rainiers batting - Pitching for Chula Vista Tacos : RHP Tony Fullerton
Batting: SHB Dwight Hill 0-0: Fly out, F7 (Flyball, 78S)
Batting: LHB Quinn Webb 0-0: Ball
1-0: Foul Ball, location: 2F
1-1: Ball
2-1: Foul Ball, location: 2F
2-2: Foul Ball, location: 2F
2-2: Strikes out swinging
Batting: RHB Lionel Pona 0-0: Called Strike
0-1: Called Strike
0-2: Ball
1-2: SINGLE (Groundball, 6MD)
Batting: RHB Jesús Ortíz 0-0: Called Strike
0-1: Ball
1-1: Foul Ball, location: 2F
1-2: Ball
2-2: Strikes out swinging
Bottom of the 3rd over - 0 run(s), 1 hit(s), 0 error(s), 1 left on base; Chula Vista 1 - Seattle 0
TOP OF THE 4TH
Chula Vista Tacos batting - Pitching for Seattle Rainiers : RHP Jesús Arredondo
Batting: RHB Ron Garrett 0-0: Ball
1-0: Swinging Strike
1-1: Foul Ball, location: 2F
1-2: Strikes out swinging
Batting: LHB Jean Beauchemin 0-0: Ball
1-0: Ball
2-0: Called Strike
2-1: Called Strike
2-2: Foul Ball, location: 2F
2-2: Ball
3-2: Fly out, F7 (Flyball, 7)
Batting: RHB Dan Salazar 0-0: Foul Ball, location: 2F
0-1: Called Strike
0-2: Strikes out swinging
Top of the 4th over - 0 run(s), 0 hit(s), 0 error(s), 0 left on base; Chula Vista 1 - Seattle 0
BOTTOM OF THE 4TH
Seattle Rainiers batting - Pitching for Chula Vista Tacos : RHP Tony Fullerton
Batting: RHB Juan Bruno 0-0: Foul Ball, location: 2F
0-1: Foul Ball, location: 2F
0-2: Strikes out swinging
Batting: RHB Roberto Casas 0-0: Called Strike
0-1: Called Strike
0-2: Strikes out swinging
Batting: RHB John Eaves 0-0: Ball
1-0: Called Strike
1-1: Ball
2-1: Ball
3-1: Foul Ball, location: 2F
3-2: SINGLE (Line Drive, 4MD)
Batting: RHB Steve Smith 0-0: Swinging Strike
0-1: Ball
1-1: Foul Ball, location: 2F
1-2: Ball
2-2: Strikes out swinging
Bottom of the 4th over - 0 run(s), 1 hit(s), 0 error(s), 1 left on base; Chula Vista 1 - Seattle 0
TOP OF THE 5TH
Chula Vista Tacos batting - Pitching for Seattle Rainiers : RHP Jesús Arredondo
Batting: RHB Preston Wooten 0-0: Ball
1-0: Foul Ball, location: 2F
1-1: Foul Ball, location: 2F
1-2: Strikes out looking
Batting: RHB Matt O'Rourke 0-0: Ball
1-0: Ground out 6-3 (Groundball, 6)
Batting: RHB Juan García 0-0: Ball
1-0: Ball
2-0: Ball
3-0: Called Strike
3-1: Base on Balls
Batting: LHB Roderick Delgado 0-0: Ball
1-0: Ball
2-0: Ball
3-0: Base on Balls
Juan García to second
Batting: LHB Vernon Hill 0-0: Fly out, F6 (Popup, 56D)
Top of the 5th over - 0 run(s), 0 hit(s), 0 error(s), 2 left on base; Chula Vista 1 - Seattle 0
BOTTOM OF THE 5TH
Seattle Rainiers batting - Pitching for Chula Vista Tacos : RHP Tony Fullerton
Batting: SHB Troy Holland 0-0: Ball
1-0: Fly out, F8 (Flyball, 8LD)
Batting: SHB Dwight Hill 0-0: Ball
1-0: Foul Ball, location: 2F
1-1: Ball
2-1: Foul Ball, location: 2F
2-2: SINGLE (Groundball, 4D)
Batting: LHB Quinn Webb 0-0: Ball
1-0: Called Strike
1-1: Ball
2-1: Ball
3-1: Base on Balls
Dwight Hill to second
Batting: RHB Lionel Pona 0-0: Foul Ball, location: 2F
0-1: SINGLE (Flyball, 8LS)
Dwight Hill to third
Quinn Webb to second
Runner from 3rd tries for Home, SAFE, throw made home
Batting: RHB Jesús Ortíz 0-0: Ball
Quinn Webb is caught stealing 3rd base
Lionel Pona to second
1-0: Ground out 5-3 (Groundball, 56)
Bottom of the 5th over - 1 run(s), 2 hit(s), 0 error(s), 1 left on base; Chula Vista 1 - Seattle 1
TOP OF THE 6TH
Chula Vista Tacos batting - Pitching for Seattle Rainiers : RHP Jesús Arredondo
Batting: RHB Jake Lawrence 0-0: Ball
1-0: Swinging Strike
1-1: Foul Ball, location: 2F
1-2: Ball
2-2: Strikes out swinging
Batting: RHB Ron Garrett 0-0: Ball
1-0: Ground out 6-3 (Groundball, 6)
Batting: LHB Jean Beauchemin 0-0: Called Strike
0-1: Ball
1-1: Ball
2-1: Fly out, F8 (Flyball, 8LD)
Top of the 6th over - 0 run(s), 0 hit(s), 0 error(s), 0 left on base; Chula Vista 1 - Seattle 1
BOTTOM OF THE 6TH
Seattle Rainiers batting - Pitching for Chula Vista Tacos : RHP Tony Fullerton
Batting: RHB Juan Bruno 0-0: SINGLE (Flyball, 9LS)
Batting: RHB Roberto Casas 0-0: Ball
1-0: Ball
2-0: Called Strike
2-1: Grounds into double play, 5-4-3 (Groundball, 5L)
Batting: RHB John Eaves 0-0: Called Strike
0-1: Ball
1-1: Ball
2-1: Foul Ball, location: 2F
2-2: Ball
3-2: Strikes out looking
Bottom of the 6th over - 0 run(s), 1 hit(s), 0 error(s), 0 left on base; Chula Vista 1 - Seattle 1
TOP OF THE 7TH
Chula Vista Tacos batting - Pitching for Seattle Rainiers : RHP Jesús Arredondo
Pinch Hitting: SHB Tony Varela 0-0: Ball
1-0: Called Strike
1-1: Ball
2-1: Called Strike
2-2: Strikes out looking
Pitching: RHP Les Johnston
Pinch Hitting: LHB Esteban Zamora 0-0: Ball
1-0: Ball
2-0: SINGLE (Line Drive, 7S)
Pinch Runner at 1st Domynguos Tabucchi:
Batting: RHB Matt O'Rourke 0-0: Swinging Strike
0-1: Ball
1-1: Ball
2-1: Called Strike
Domynguos Tabucchi steals 2nd base
2-2: DOUBLE (Flyball, 8LD)
Domynguos Tabucchi scores
Batting: RHB Juan García 0-0: Intentional Walk
Pitching: LHP Jeffrey Glass
Pinch Hitting: RHB Kevin Wilson 0-0: Ball
1-0: Ball
2-0: Called Strike
Juan García is caught stealing 2nd base
2-1: Reached on error, E6 (Groundball, 6M)
Matt O'Rourke scores
Pitching: LHP Bartolomeo Balsamo
Batting: LHB Vernon Hill 0-0: Foul Ball, location: 2F
0-1: Ball
1-1: Ball
2-1: Ball
3-1: Base on Balls
Batting: RHB Jake Lawrence 0-0: Ball
1-0: Foul Ball, location: 2F
1-1: Foul Ball, location: 2F
1-2: Fly out, F9 (Flyball, 9S)
Top of the 7th over - 2 run(s), 2 hit(s), 1 error(s), 2 left on base; Chula Vista 3 - Seattle 1
BOTTOM OF THE 7TH
Seattle Rainiers batting - Pitching for Chula Vista Tacos : RHP Tony Fullerton
Pitching: RHP Keith Anderson
Now at 1B: Germán Ontiveros
Now at 2B: Kevin Wilson
Now in CF: Domynguos Tabucchi
Batting: RHB Steve Smith 0-0: Called Strike
0-1: Ball
1-1: Ball
2-1: Ground out U3 (Groundball, 2R)
Batting: SHB Troy Holland 0-0: Swinging Strike
0-1: Ball
1-1: Ball
2-1: Fly out, F8 (Flyball, 8RM)
Batting: SHB Dwight Hill 0-0: Ground out 4-3 (Groundball, 4M)
Bottom of the 7th over - 0 run(s), 0 hit(s), 0 error(s), 0 left on base; Chula Vista 3 - Seattle 1
TOP OF THE 8TH
Chula Vista Tacos batting - Pitching for Seattle Rainiers : LHP Bartolomeo Balsamo
Batting: RHB Ron Garrett 0-0: Called Strike
0-1: Fly out, F8 (Flyball, 8RM)
Batting: LHB Jean Beauchemin 0-0: Ball
1-0: Ball
2-0: Called Strike
2-1: Called Strike
2-2: Ball
3-2: Foul Ball, location: 2F
3-2: Base on Balls
Batting: RHB Germán Ontiveros 0-0: Called Strike
0-1: Foul Ball, location: 2F
0-2: Ball
1-2: 2-RUN HOME RUN (Flyball, 78XD), Distance : 419 ft
Pitching: RHP José Rivera
Batting: RHB Domynguos Tabucchi 0-0: Ball
1-0: Fly out, F8 (Flyball, 8RM)
Batting: RHB Matt O'Rourke 0-0: Called Strike
0-1: Swinging Strike
0-2: Strikes out swinging
Top of the 8th over - 2 run(s), 1 hit(s), 0 error(s), 0 left on base; Chula Vista 5 - Seattle 1
BOTTOM OF THE 8TH
Seattle Rainiers batting - Pitching for Chula Vista Tacos : RHP Keith Anderson
Batting: LHB Quinn Webb 0-0: Ball
1-0: Foul Ball, location: 2F
1-1: Ball
2-1: Foul Ball, location: 2F
2-2: SINGLE (Groundball, 34D)
Batting: RHB Lionel Pona 0-0: Ball
1-0: Ball
Wild Pitch!
Quinn Webb to second
2-0: Ball
3-0: Called Strike
3-1: Base on Balls
Pitching: RHP Carlos Madraso
Batting: RHB Jesús Ortíz 0-0: Grounds into double play, 6-4-3 (Groundball, 56)
Quinn Webb to third
Batting: RHB Juan Bruno 0-0: Called Strike
0-1: Ball
1-1: Ball
2-1: Fly out, F9 (Flyball, 9)
Bottom of the 8th over - 0 run(s), 1 hit(s), 0 error(s), 1 left on base; Chula Vista 5 - Seattle 1
TOP OF THE 9TH
Chula Vista Tacos batting - Pitching for Seattle Rainiers : RHP José Rivera
Batting: RHB Juan García 0-0: Ball
1-0: Ball
2-0: Called Strike
2-1: Ground out 5-3 (Groundball, 56S)
Batting: RHB Kevin Wilson 0-0: Foul Ball, location: 2F
0-1: Swinging Strike
0-2: Strikes out swinging
Batting: LHB Vernon Hill 0-0: Called Strike
0-1: Ball
1-1: Swinging Strike
1-2: Ball
2-2: Foul Ball, location: 2F
2-2: Ball
3-2: Strikes out swinging
Top of the 9th over - 0 run(s), 0 hit(s), 0 error(s), 0 left on base; Chula Vista 5 - Seattle 1
BOTTOM OF THE 9TH
Seattle Rainiers batting - Pitching for Chula Vista Tacos : RHP Carlos Madraso
Batting: RHB Roberto Casas 0-0: Called Strike
0-1: Foul Ball, location: 2F
0-2: Ball
1-2: SINGLE (Line Drive, 6D)
Batting: RHB John Eaves 0-0: Ball
1-0: Called Strike
1-1: Ball
2-1: Foul Ball, location: 2F
2-2: Strikes out swinging
Batting: RHB Steve Smith 0-0: Foul Ball, location: 2F
0-1: Ball
1-1: Ball
2-1: Fly out, F7 (Flyball, 7S)
Batting: SHB Troy Holland 0-0: Called Strike
0-1: Ball
1-1: Called Strike
1-2: Foul Ball, location: 2F
1-2: Foul Ball, location: 2F
1-2: Foul Ball, location: 2F
1-2: Ball
2-2: Foul Ball, location: 2F
2-2: Ground out U3 (Groundball, 3S)
Bottom of the 9th over - 0 run(s), 1 hit(s), 0 error(s), 1 left on base; Chula Vista 5 - Seattle 1
Tuesday, August 8th, 2017 - OOTP Baseball 17.12 Build 75